 Dungeon Crawl Stone Soup version 0.27-a0-819-g058290f16d (webtiles) character file.

Game seed: 14152773759303577632

1089 snetch the Conjurer (level 8, -3/42 HPs)
             Began as a Deep Elf Conjurer on Mar 29, 2021.
             Was an Initiate of Vehumet.
             Succumbed to Duvessa's poison
             ... on level 5 of the Dungeon.
             The game lasted 00:17:35 (5194 turns).

snetch the Conjurer (Deep Elf Conjurer)             Turns: 5194, Time: 00:17:36

Health: -3/42      AC:  5    Str:  4    XL:     8   Next: 9%
Magic:  11/20      EV: 12    Int: 26    God:    Vehumet [......]
Gold:   103        SH:  0    Dex: 13    Spells: 11/21 levels left

rFire    + . .     SeeInvis .   l - +4 spear "Ryehe" {flame, rF+}
rCold    . . .     Faith    .   (no shield)
rNeg     . . .     Spirit   .   f - +0 leather armour
rPois    .         Reflect  .   (no helmet)
rElec    .         Harm     .   (no cloak)
rCorr    .         Rampage  .   k - +0 pair of gloves
Will     .....                  p - +0 pair of boots
Stlth    +.........             (no amulet)
HPRegen  0.14/turn              (no ring)
MPRegen  0.17/turn              (no ring)

@: lethally poisoned (-3 -> -23), coronaed, glowing
A: no striking features
a: Renounce Religion


You were on level 5 of the Dungeon.
You worshipped Vehumet.
Vehumet was noncommittal.
You visited 2 branches of the dungeon, and saw 6 of its levels.

You collected 202 gold pieces.
You spent 99 gold pieces at shops.

Inventory:

Hand Weapons
 a - a +0 dagger
 l - the +4 spear "Ryehe" (weapon) {flame, rF+}
   (You found it on level 4 of the Dungeon)

   It has been specially enchanted to burn those struck by it, causing extra
   injury to most foes and up to half again as much damage against particularly
   susceptible opponents.
   It protects you from fire.
 F - a +0 vorpal hand crossbow
Missiles
 d - 14 bolts
 m - 29 sling bullets
 n - 125 stones
 t - 28 arrows
 u - 18 poisoned darts
Armour
 c - a +0 robe
 f - a +0 leather armour (worn)
 g - a +0 scale mail
 j - a +0 ring mail
 k - a +0 pair of gloves (worn)
 p - a +0 pair of boots (worn)
 y - a +0 chain mail
Magical Staves
 H - a staff of fire
Jewellery
 v - a ring of positive energy
Wands
 x - a wand of mindburst (16)
 I - a wand of flame (12)
Scrolls
 h - 2 scrolls of noise
 r - a scroll of summoning {unknown}
 w - a scroll of enchant armour {unknown}
 B - a scroll of amnesia {unknown}
 C - 3 scrolls of teleportation
 D - 2 scrolls of fog
 G - a scroll of brand weapon {unknown}
Potions
 b - 4 potions of curing {unknown}
 e - 2 potions of lignification {unknown}
 i - a potion of cancellation
 o - a potion of heal wounds
 q - a potion of might
 s - a potion of haste
 z - a potion of magic {unknown}
 A - 2 potions of mutation {unknown}
 E - a potion of flight {unknown}


   Skills:
 + Level 0.6 Fighting
 + Level 2.9 Armour
 + Level 3.4 Dodging
 + Level 4.7 Stealth
 + Level 7.2 Spellcasting
 + Level 7.8 Conjurations


You had 11 spell levels left.
You knew the following spells:

 Your Spells              Type           Power      Damage    Failure   Level
a - Magic Dart            Conj           100%       1d8       1%          1
b - Searing Ray           Conj           100%       3d7       1%          2
c - Dazzling Flash        Conj/Hex       58%        N/A       6%          3
d - Fulminant Prism       Conj/Hex       14%        3d9       22%         4

Your spell library contained the following spells:

 Spells                   Type           Power      Damage    Failure   Level
 Corona                   Hex            10%        N/A       11%         1
 Ensorcelled Hibernation  Hex/Ice        18%        N/A       16%         2
 Iskenderun's Mystic Bla  Conj/Tloc      29%        2d7       22%         4
 Confusing Touch          Hex            9%         N/A       32%         3
 Tukima's Dance           Hex            9%         N/A       32%         3


Dungeon Overview and Level Annotations

Branches:
Dungeon (5/15)             Temple (1/1) D:5

Altars:
Ashenzari
Cheibriados
Elyvilon
Hepliaklqana
Makhleb
Nemelex Xobeh
Qazlal
Ru
Sif Muna
Trog
Uskayaw
Vehumet
Wu Jian
Xom
Yredelemnul
The Shining One

Shops:
D:1 ?   D:4 [   D:5 ([

Annotations:
D:5 Duvessa


Message History

A white imp comes into view.
The white imp shouts, "Decamp, thou peeagling tardy-gaited tiddler!"
The magic dart hits Dowan.
Dowan is heavily wounded.
The magic dart hits the white imp.
The white imp is heavily wounded.
The magic dart hits the white imp.
The white imp is heavily wounded.
The magic dart hits the white imp.
The white imp is almost dead.
You hit the white imp. You burn the white imp.
You kill the white imp!
Vehumet accepts your kill.
Duvessa hits you with a +0 rapier of venom!
You are poisoned.
Casting: Magic Dart (safe; 1% risk of failure)
Confirm with . or Enter, or press ? or * to list all spells.
Aiming: Searing Ray (safe; 1% risk of failure)
Press: ? - help, Shift-Dir - straight line, f - Dowan
Aim: Dowan, wielding a +0 dagger and wearing a +0 robe (heavily wounded, 24% to evade)
The searing ray hits Duvessa!
Duvessa is moderately wounded.
The searing ray hits Dowan!
Dowan is almost dead. (Press . to maintain the ray.)
You feel very sick.
Duvessa hits you with a +0 rapier of venom!
The searing ray hits Duvessa!
Duvessa is severely wounded.
The searing ray hits Dowan!
You kill Dowan!
Vehumet accepts your kill.
Duvessa screams, "No!
How DARE you!"
Duvessa goes berserk!
You feel sick. Duvessa misses you.
Duvessa hits you with a +0 rapier of venom!!
* * * LOW HITPOINT WARNING * * *
You are more poisoned.
The searing ray hits Duvessa!
Duvessa is severely wounded.
You die...

....# #...##.... ....
#...##.... ...
#...##.... ..#
#...###### ..## #....#
# ##).. #....#####
#..#.# #.........
#e##.# #.....###.
###@##.####...#.####
##...................
##............####<###
#..............# #.##
#....∩.........# #..##
#..............# ##...
#..)...........# ####
#..............## #
##................# #


You could see Duvessa (berserk, fast).

Vanquished Creatures
  Sigmund (D:3)
  A water moccasin (D:5)
  A black bear (D:5)
  A phantom (D:4)
  A water moccasin zombie (D:5)
  Dowan (D:5)
  A scorpion (D:4)
  2 howler monkeys (D:5)
  A jelly (D:5)
  An orc priest (D:4)
  2 hounds
  2 iguanas (D:4)
  An iron imp (D:4)
  A bullfrog skeleton (D:4)
  Ijyb (D:5)
  A hound zombie (D:5)
  4 adders
  3 gnolls (D:5)
  A white imp (D:5)
  4 dart slugs
  12 orcs
  8 ball pythons
  4 bats
  5 endoplasms
  3 giant cockroaches
  5 goblins
  4 hobgoblins
  2 jackals (D:1)
  6 kobolds
  2 quokkas
  2 frilled lizards
  A quokka skeleton (D:4)
  6 rats
91 creatures vanquished.

Notes
Turn   | Place    | Note
-------+----------+-------------------------------------------
     0 | D:1      | snetch the Deep Elf Conjurer began the quest for the Orb.
     0 | D:1      | Reached XP level 1. HP: 10/10 MP: 6/6
   107 | D:1      | Found Hyek's Magic Scroll Emporium.
   263 | D:1      | Reached XP level 2. HP: 15/15 MP: 2/8
   266 | D:1      | Learned a level 2 spell: Searing Ray
   541 | D:1      | Reached skill level 5 in Conjurations
  1266 | D:3      | Reached XP level 3. HP: 19/19 MP: 5/9
  1627 | D:2      | Found a sparkling altar of Nemelex Xobeh.
  1827 | D:2      | Reached XP level 4. HP: 24/24 MP: 5/11
  1952 | D:2      | Learned a level 3 spell: Dazzling Flash
  2179 | D:3      | Noticed Sigmund
  2291 | D:5      | Entered Level 5 of the Dungeon
  2292 | D:5      | Noticed Ijyb
  2299 | D:5      | Killed Ijyb
  2300 | D:5      | Reached XP level 5. HP: 22/28 MP: 7/13
  2365 | D:5      | Noticed a black bear
  2369 | D:5      | Killed a black bear
  2370 | D:5      | Reached skill level 5 in Spellcasting
  2798 | D:1      | Bought a scroll of identify for 22 gold pieces
  2798 | D:1      | Bought a scroll of teleportation for 33 gold pieces
  2798 | D:1      | Bought a scroll of fog for 22 gold pieces
  2801 | D:1      | Bought a scroll of identify for 22 gold pieces
  2889 | D:3      | Reached XP level 6. HP: 32/32 MP: 11/15
  2965 | D:3      | Killed Sigmund
  2966 | D:3      | Reached skill level 1 in Armour
  3691 | D:4      | Found Riklunn's Armour Emporium.
  3788 | D:4      | Identified the +4 spear "Ryehe" {flame, rF+}
  3946 | D:4      | Found a snail-covered altar of Cheibriados.
  3964 | D:4      | Reached XP level 7. HP: 36/36 MP: 12/18
  4058 | D:5      | Found Puexaylu's Armour Boutique.
  4058 | D:5      | Found a hide-covered altar of Uskayaw.
  4290 | D:4      | Found a sparkling altar of Nemelex Xobeh.
  4698 | D:4      | Found a burning altar of Makhleb.
  4886 | D:5      | Found a staircase to the Ecumenical Temple.
  4905 | Temple   | Entered the Ecumenical Temple
  4987 | Temple   | Became a worshipper of Vehumet
  4993 | Temple   | Learned a level 4 spell: Fulminant Prism
  5029 | D:5      | Reached XP level 8. HP: 37/42 MP: 10/20
  5147 | D:5      | Found Neexocs's Weapon Boutique.
  5181 | D:5      | Noticed Duvessa
  5183 | D:5      | Noticed Dowan
  5193 | D:5      | Killed Dowan
  5193 | D:5      | HP: 1/42 [Duvessa/+0 rapier of venom (18)]
  5194 | D:5      | Succumbed to Duvessa's poison

Illustrated notes

Levels and vault maps discovered:
D:1:      scummos_arrival_star, layout_basic, serial_shops, shop
D:2:      layout_loops_ring, minivault_19, minmay_misc_feat_cross,
          hangedman_glass_teeth, nemelex_dance_club_becter
D:3:      layout_loops_ring, kennysheep_another_room, hangedman_decor_points,
          uniq_sigmund
D:4:      layout_loops_ring, makhleb_grotto_becter,
          nemelex_xobeh_ov_fountains_minmay, serial_shops,
          nicolae_shop_temple_entry_statues_fountains,
          chequers_serial_rivers_small_3, cheibriados_altar_1
D:5:      layout_rooms, nicolae_uskayaw_dance_hall,
          minmay_temple_entry_junction, serial_shops, shop, shop, uniq_duvessa,
          uniq_ijyb
Temple:   dshaligram_water_room_temple

Skill      XL: |  1  2  3  4  5  6  7 |
---------------+----------------------+-----
Conjurations   | 5 6 7 |  7.8
Stealth        | 3 4 |  4.7
Spellcasting   | 4 5 6 7 |  7.2
Armour         | 1 2 |  2.9
Dodging        | 3 |  3.4
Fighting       | |  0.6

Action                   |  1- 3 |  4- 6 |  7- 9 || total
-------------------------+-------+-------+-------++-------
Melee: Dagger            |       |     1 |       ||     1
       Spear             |       |       |    11 ||    11
 Cast: Magic Dart        |    55 |    34 |    40 ||   129
       Searing Ray       |     6 |    13 |     8 ||    27
       Dazzling Flash    |       |     1 |       ||     1
  Use: Scroll            |       |     5 |       ||     5
 Stab: Sleeping          |       |       |     1 ||     1
Armor: Leather armour    |       |     8 |     7 ||    15
Dodge: Dodged            |     2 |     7 |    13 ||    22

Table legend: (Time is in decaauts)
 A = Elapsed time spent in this place.
 B = Non-inter-level travel time spent in this place.
 C = Inter-level travel time spent in this place.
 D = Time resting spent in this place.
 E = Time spent auto-exploring this place.
 F = Levels seen in this place.
 G = Mean time per level.
                   A        B        C        D        E       F      G
               +--------+--------+--------+--------+--------+-----+--------+
         Total |   5213 |   4939 |    274 |    178 |   3845 |   6 |  868.8 |
       Dungeon |   5116 |   4848 |    268 |    178 |   3776 |   5 | 1023.2 |
        Temple |     96 |     90 |      6 |      0 |     69 |   1 |   96.0 |
               +--------+--------+--------+--------+--------+-----+--------+

Top non-repeatable levels by time:
     D:2: 1381 daAuts
     D:4: 1267 daAuts
     D:1: 1178 daAuts
     D:3: 923 daAuts
     D:5: 366 daAuts
  Temple: 96 daAuts
